 Dungeon Crawl Stone Soup version 0.21-a0-142-gdd972a7 (webtiles) character file.

98 AverageBear the Cutter (level 4, 0/27 HPs)
             Began as a Deep Elf Fighter on July 22, 2017.
             Slain by a goblin (2 damage)
             ... on level 3 of the Dungeon.
             The game lasted 00:01:32 (1744 turns).

AverageBear the Cutter (Deep Elf Fighter)           Turns: 1744, Time: 00:01:33

Health: 0/27       AC:  6    Str: 19    XL:     4   Next: 44%
Magic:  6/6        EV:  7    Int: 13    God:
Gold:   44         SH:  9    Dex: 14    Spells: 3/3 levels left

rFire    . . .     SeeInvis .   k - +2 short sword (freeze)
rCold    . . .     Gourm    .   c - +0 shield
rNeg     . . .     Faith    .   b - +0 scale mail
rPois    .         Spirit   .   (no helmet)
rElec    .         Reflect  .   (no cloak)
rCorr    .         Harm     .   (no gloves)
MR       .....                  (no boots)
Stlth    ..........             (no amulet)
HPRegen  0.09/turn              (no ring)
MPRegen  0.10/turn              (no ring)

@: mighty
A: no striking features
a: no special abilities


You were on level 3 of the Dungeon.
You were not hungry.

You visited 1 branch of the dungeon, and saw 3 of its levels.

You collected 44 gold pieces.

Inventory:

Hand Weapons
 a - a +0 rapier
 k - a +2 short sword of freezing (weapon)
Armour
 b - a +0 scale mail (worn)
 c - a +0 shield (worn)
Scrolls
 g - a scroll of amnesia
 j - a scroll of remove curse
 m - a scroll of teleportation
Potions
 d - a potion of might
 o - a potion of cancellation
Comestibles
 f - a bread ration
 h - a meat ration
 i - 3 chunks of flesh
 l - a royal jelly


   Skills:
 - Level 2.4 Fighting
 + Level 4.7 Short Blades
 - Level 2.4 Armour
 - Level 2.4 Shields


You had 3 spell levels left.
You didn't know any spells.

Dungeon Overview and Level Annotations

Branches:
Dungeon (3/15)

Altars:
Sif Muna

Annotations:
D:3 Sigmund


Message History

You hear some strange, mumbled words.
A puff of flame appears from out of thin air!
The puff of flame hits you! You block the goblin's attack.
You closely miss something.
You hear some strange, mumbled words.
Something tries to affect you, but you resist.
The goblin hits you.
Your shield and scale mail prevent you from hitting something.
Something hits you. The goblin hits you but does no damage.
Your shield and scale mail prevent you from hitting something.
The goblin barely misses you. Something hits you.
* * * LOW HITPOINT WARNING * * *
You barely miss something. The goblin completely misses you.
You closely miss something. Something hits you.
* * * LOW HITPOINT WARNING * * *
You block the goblin's attack.
You closely miss the goblin. The goblin hits you but does no damage.
Something hits you but does no damage.
You closely miss something. The goblin hits you.
You die...

,,,,,....#####..,,,,....,,***,,,,
,,,,,..........#***.....,,**,,,,*
,,**,..........# *)....,,*,,*,**
*,,*,..........##*#.....,,,,**,*
**,,,......#....##......,,,***,*
*****............#......,,,***,*
* *,.####..............,,,,,,,*
****,,* #......g.......,,***,,**
**,,,,***###....@.......,,,,*,,,,
,,,,,,,,.........{....##*,,,,,,,,
**,**,**####.#..........,,,,,,,,,
*,,**,*** #.#.#........,,,,,,,,,
,,,*,**≈***###≈####.##..*,,,,,,,,
*,,,,*≈≈≈≈≈≈*≈≈≈***.#**.,,,,,,,,,
*,*,,*≈≈≈*≈≈#≈≈≈*,,..,,,,,,,,,,,,
,,**,**≈**≈≈##l**,,,..,***,,,,,,,
,,,,,,*≈*≈≈≈≈*≈*,,,,,,,* *,,,,,,,


You could see a goblin.

Vanquished Creatures
  4 adders (D:2)
  An ooze (D:2)
  A worm (D:2)
  3 dart slugs
  4 leopard geckos
  An orc (D:2)
  3 bats
  A giant cockroach (D:2)
  7 goblins
  8 jackals (D:2)
  5 kobolds
  A quokka (D:2)
  2 frilled lizards
  3 rats
44 creatures vanquished.

Vanquished Creatures (others)
  A bat (D:1)
1 creature vanquished.

Grand Total: 45 creatures vanquished

Notes
Turn   | Place    | Note
-------+----------+-------------------------------------------
     0 | D:1      | AverageBear the Deep Elf Fighter began the quest for the Orb.
     0 | D:1      | Reached XP level 1. HP: 13/13 MP: 3/3
   136 | D:1      | Reached XP level 2. HP: 16/18 MP: 4/4
   207 | D:1      | Reached skill level 3 in Short Blades
   903 | D:2      | Reached XP level 3. HP: 21/22 MP: 5/5
   970 | D:2      | Reached skill level 4 in Short Blades
  1340 | D:2      | Reached XP level 4. HP: 22/27 MP: 6/6
  1607 | D:2      | Found a deep blue altar of Sif Muna.
  1727 | D:3      | Noticed Sigmund
  1742 | D:3      | HP: 1/27 [something (5)]
  1744 | D:3      | Slain by a goblin

Vault maps used:
D:1:      minmay_arrival_widening_spiral_wide, lemuel_flame_loot_1
D:2:      overflow_temple_1_default
D:3:      grunt_temple_overflow_forces_of_nature, first_bread,
          gup_sewer_entry_bubbles, uniq_sigmund

Skill      XL: |  1  2  3 |
---------------+----------+-----
Short Blades   | 3 4 |  4.7
Fighting       | |  2.4
Armour         | |  2.4
Shields        | |  2.4

Action                   |  1- 3 |  4- 6 || total
-------------------------+-------+-------++-------
Melee: Rapier            |    45 |       ||    45
       Short sword       |    55 |    47 ||   102
  Use: Potion            |     1 |     1 ||     2
       Scroll            |       |     6 ||     6
  Eat: Chunk             |     1 |     2 ||     3
Armor: Scale mail        |    37 |    20 ||    57
Dodge: Dodged            |    18 |    11 ||    29
Block: Shield            |    50 |    12 ||    62
